 Dungeon Sprint DCSS version 0.30-a0-629-gd54f4be4f7 (webtiles) character file.

Game seed: 13881083011722369135

197469 BigDaddyOpFi the Hill Orc Cataclysm (level 17, -28/167 (191) HPs)
             Began as a Hill Orc Fighter on Jan 11, 2023.
             Was a High Priest of Qazlal.
             Killed from afar by a shadow dragon (40 damage)
             ... with a bolt of negative energy
             ... in the Dungeon (Sprint IX: "|||||||||||||||||||||||||||||") on Jan 12, 2023.
             The game lasted 00:16:51 (8353 turns).

BigDaddyOpFi the Hill Orc Cataclysm (HOFi)          Turns: 8353, Time: 00:16:52

HP:   -28/167 (191) AC: 40    Str: 26 (27) XL:     17   Next: 14%
MP:   6/34          EV: 15    Int:  8      God:    Qazlal [*****.]
Gold: 1363          SH: 26    Dex: 10      Spells: 16/16 levels left

rFire   . . .      SeeInvis .    y - +7 broad axe
rCold   . . .      Faith    .    u - +2 kite shield
rNeg    . . .      Spirit   .    m - +6 plate armour
rPois   .          Reflect  .    n - +0 helmet
rElec   .          Harm     .    A - +1 cloak
rCorr   .          Rampage  .    C - +1 pair of gloves
Will    +....      NoTele   +    B - +1 pair of boots Stlth
                                 (no amulet)
HPRegen 0.47/turn                t - +4 ring of evasion
MPRegen 0.24/turn                D - +2 ring of slaying

@: slowed, heavily drained, repel missiles, very slow
A: deterioration 1
}: 4/17 runes: decaying, serpentine, barnacled, gossamer
a: Renounce Religion, Upheaval, Elemental Force, Disaster Area


You were in the Dungeon.
You worshipped Qazlal.
Qazlal was extremely pleased with you.
You visited 1 branch You collected 1647 gold pieces.
You spent 284 gold pieces at shops.

Inventory:

Hand Weapons
 y - a +7 broad axe (weapon)
Armour
 m - a +6 plate armour (worn)
 n - a +0 helmet (worn)
 u - a +2 kite shield (worn)
 A - a +1 cloak (worn)
 B - a +1 pair of boots (worn)
 C - a +1 pair of gloves (worn)
 F - +0 swamp dragon scales
Jewellery
 c - a ring of poison resistance
 q - a +3 ring of strength
 r - a +2 ring of evasion
 s - a +6 ring of dexterity
 t - a +4 ring of evasion (left hand)
 v - a ring of ice
 w - a ring of protection from fire
 x - a ring of fire
 z - a +4 ring of protection
 D - a +2 ring of slaying (right hand)
 E - a +6 ring of intelligence
Wands
 a - a wand of iceblast (6) (quivered)
Scrolls
 j - 3 scrolls of blinking
 k - 2 scrolls of amnesia
 o - 5 scrolls of identify
 p - 3 scrolls of fog
 G - 3 scrolls of fear
Potions
 b - a potion of brilliance
 d - a potion of invisibility
 f - a potion of flight {unknown}
 g - 2 potions of haste
 h - 3 potions of magic
 i - 7 potions of berserk rage
 I - 2 potions of resistance


   Skills:
 O Level 27 Fighting
 O Level 27 Axes
 + Level 6.7(16.6) Maces & Flails
 O Level 27 Armour
 * Level 7.3 Dodging
 O Level 27 Shields
 + Level 6.7 Unarmed Combat
 O Level 27 Invocations


You had 16 spell levels left.
You didn't know any spells.
Your spell library was empty.

Dungeon Overview and Level Annotations

Branches:
Dungeon (1/1)

Altars:
Cheibriados
Dithmenos
Elyvilon
Fedhas
Gozag
Hepliaklqana
Kikubaaqudgha
Makhleb
Nemelex Xobeh
Okawaru
Qazlal
Ru
Sif Muna
Trog
Uskayaw
Vehumet
Wu Jian
Xom
Yredelemnul
Zin
The Shining One
Beogh
Jiyva
Lugonu

Shops:
D *(?=


Innate Abilities, Weirdness & Mutations

Your body sometimes deteriorates upon taking damage.


Message History

* * * LOW HITPOINT WARNING * * *
Items here: ))) [[ †.
You block the shadow dragon's attack.
The shadow dragon claws you but does no damage. x2
The shadow dragon bites you but does no damage.
You block the shadow dragon's attack. The shadow dragon closely misses you.
You see here a +0 chain mail.
You open the shadow dragon like a pillowcase!!!
The shadow dragon is moderately wounded.
The shadow dragon breathes negative energy at you.
The bolt of negative energy hits you!!
You feel drained.
* * * LOW HITPOINT WARNING * * *
Your body deteriorates!
You feel weakened.
You feel better.
You block the shadow dragon's attack. x3
You feel better.
You block the shadow dragon's attack. x3
The shadow dragon closely misses you.
The shadow dragon claws you but does no damage.
You block the shadow dragon's attack.
You slash the shadow dragon!
The shadow dragon is heavily wounded.
You block the shadow dragon's attack.
The shadow dragon claws you but does no damage.
You block the shadow dragon's attack.
You closely miss the shadow dragon.
The shadow dragon is heavily wounded.
The shadow dragon bites you but does no damage.
You block the shadow dragon's attack. x2
You hit the shadow dragon but do no damage.
The shadow dragon is heavily wounded.
The shadow dragon breathes negative energy at you.
The bolt of negative energy hits you!
You feel drained.
* * * LOW HITPOINT WARNING * * *
Okay, then.
You feel better. You block the shadow dragon's attack.
The shadow dragon barely misses you. You block the shadow dragon's attack.
You carve the shadow dragon like a ham!!!
The shadow dragon is severely wounded.
The shadow dragon breathes negative energy at you.
The bolt of negative energy hits you!!!
You feel drained.
You die...

▓▓▓▓▓▓▓▓▓▓▓▓▓▓▓▓▓▓▓▓▓▓▓▓▓▓▓▓▓▓▓
)≈=≈≈)))'..).D@.))[..≈.......))
▓▓▓▓▓▓▓▓▓▓▓▓▓▓▓▓▓▓▓▓▓▓▓▓▓▓▓▓▓▓▓▓▓
.................................
▓▓▓▓▓▓▓▓▓▓▓▓▓▓▓▓▓▓▓▓▓▓▓▓▓▓▓▓▓▓▓▓▓
.)...)).[..[)....[.[).)))'.....≈≈
▓▓▓▓▓▓▓▓▓▓▓▓▓▓▓▓▓▓▓▓▓▓▓▓▓▓▓▓▓▓▓▓▓
.................................
▓▓▓▓▓▓▓▓▓▓▓▓▓▓▓▓▓▓▓▓▓▓▓▓▓▓▓▓▓▓▓▓▓
...!..!...[[.[[....))))))........


You could see a shadow dragon (catching breath).

Vanquished Creatures
  An orb of fire (D)
  A royal mummy (D)
  Frederick (D)
  2 liches (D)
  A shadow dragon (D)
  Ilsuiw (D)
  A fenstrider witch (D)
  2 frost giants (D)
  5 nagarajas (D)
  4 emperor scorpions (D)
  4 fire giants (D)
  2 vault wardens (D)
  A ghost moth (D)
  A draconian shifter (D)
  2 ironbound preservers (D)
  A war gargoyle (D)
  A broodmother (D)
  A draconian annihilator (D)
  5 very ugly things (D)
  3 ironbound thunderhulks (D)
  A vampire knight (D)
  Azrael (D)
  A green draconian (D)
  2 stone giants (D)
  Nessos (D)
  2 deep elf demonologists (D)
  A red draconian (D)
  A bunyip (D)
  A deep elf annihilator (D)
  3 eleionomae (D)
  A merfolk javelineer (D)
  4 ettins (D)
  5 merfolk impalers (D)
  Josephine (D)
  3 great orbs of eyes (D)
  A yaktaur captain (D)
  Erolcha (D)
  A rakshasa (D)
  An ironbound frostheart (D)
  25 vault guards (D)
  2 ice dragons (D)
  2 merfolk avatars (D)
  4 hydras (D)
  An entropy weaver (D)
  An ogre mage (D)
  A ghost crab (D)
  3 merfolk aquamancers (D)
  2 centaur warriors (D)
  A deep troll shaman (D)
  4 boulder beetles (D)
  An anaconda (D)
  A two-headed ogre (D)
  6 orc high priests (D)
  4 naga warriors (D)
  2 tengu warriors (D)
  A deep troll earth mage (D)
  Sonja (D)
  A hell knight (D)
  Nergalle (D)
  A sea snake (D)
  A goliath frog (D)
  2 orb spiders (D)
  4 naga ritualists (D)
  A glowing orange brain (D)
  3 steelbarb worms (D)
  A lindwurm (D)
  4 ironbound convokers (D)
  A necromancer (D)
  2 wizards (D)
  11 swamp dragons (D)
  2 wolf spiders (D)
  A will-o-the-wisp (D)
  A harpy (D)
  3 orc sorcerers (D)
  A mana viper (D)
  4 orc knights (D)
  3 cyclopes (D)
  4 manticores (D)
  A guardian serpent (D)
  A vault sentinel (D)
  2 moths of wrath (D)
  A merfolk siren (D)
  2 naga magi (D)
  A cane toad (D)
  A torpor snail (D)
  2 black mambas (D)
  3 demonic crawlers (D)
  6 komodo dragons (D)
  An unseen horror (D)
  Psyche (D)
  3 tengu conjurers (D)
  3 merfolk (D)
  A polar bear (D)
  A troll (D)
  3 blink frogs (D)
  2 dream sheep (D)
  A slime creature (D)
  A culicivora (shapeshifter) (D)
  A jumping spider (D)
  Eustachio (D)
  3 wraiths (D)
  2 fire elementals (D)
  A basilisk (D)
  A redback (D)
  4 wargs (D)
  2 nagas (D)
  2 water moccasins (D)
  13 orc warriors (D)
  5 hell hounds (D)
  4 wolves (D)
  2 bullfrogs (D)
  A scorpion (D)
  A killer bee (D)
  2 howler monkeys (D)
  2 orc priests (D)
  A gnoll bouda (D)
  An iguana (D)
  3 orc wizards (D)
  An adder (D)
  An ufetubus (D)
  A dart slug (D)
  8 orcs (D)
  2 kobolds (D)
  A ball python (D)
  A rat (D)
290 creatures vanquished.

Notes
Turn   | Place    | Note
-------+----------+-------------------------------------------
     0 | D        | BigDaddyOpFi the Hill Orc Fighter began the quest for the
                  | Orb.
     0 | D        | Reached XP level 1. HP: 19/19 MP: 1/1
    18 | D        | Reached XP level 2. HP: 24/27 MP: 2/2
   132 | D        | Noticed a scorpion
   138 | D        | Killed a scorpion
   139 | D        | Reached skill level 5 in Fighting
   139 | D        | Reached skill level 5 in Axes
   139 | D        | Reached skill level 5 in Armour
   139 | D        | Reached skill level 5 in Shields
   139 | D        | Reached XP level 3. HP: 35/37 MP: 3/3
   139 | D        | Reached XP level 4. HP: 42/44 MP: 4/4
   150 | D        | Reached XP level 5. HP: 14/51 MP: 5/5
   478 | D        | Found a roughly hewn altar of Beogh.
   478 | D        | Found a snail-covered altar of Cheibriados.
   478 | D        | Found a shadowy altar of Dithmenos.
   478 | D        | Found a white marble altar of Elyvilon.
   478 | D        | Found a blossoming altar of Fedhas.
   478 | D        | Found an opulent altar of Gozag.
   479 | D        | Found a hazy altar of Hepliaklqana.
   480 | D        | Found a viscous altar of Jiyva.
   481 | D        | Found an ancient bone altar of Kikubaaqudgha.
   482 | D        | Found a corrupted altar of Lugonu.
   483 | D        | Found a burning altar of Makhleb.
   484 | D        | Found a sparkling altar of Nemelex Xobeh.
   485 | D        | Found an iron altar of Okawaru.
   486 | D        | Found a stormy altar of Qazlal.
   487 | D        | Found a sacrificial altar of Ru.
   488 | D        | Found a shimmering blue altar of Sif Muna.
   489 | D        | Found a bloodstained altar of Trog.
   490 | D        | Found a hide-covered altar of Uskayaw.
   491 | D        | Found a radiant altar of Vehumet.
   492 | D        | Found an ornate altar of the Wu Jian Council.
   493 | D        | Found a shimmering altar of Xom.
   494 | D        | Found a basalt altar of Yredelemnul.
   496 | D        | Became a worshipper of Qazlal Stormbringer
   498 | D        | Found a glowing silver altar of Zin.
   499 | D        | Found a glowing golden altar of the Shining One.
   548 | D        | Noticed a troll
   548 | D        | Noticed an orc warrior
   548 | D        | Noticed an orc warrior
   553 | D        | Killed an unseen horror
   553 | D        | Reached * piety under Qazlal
   554 | D        | Reached skill level 10 in Axes
   554 | D        | Reached XP level 6. HP: 33/64 MP: 6/6
   554 | D        | Reached XP level 7. HP: 36/70 MP: 7/7
   557 | D        | Reached skill level 10 in Fighting
   560 | D        | Killed a troll
   560 | D        | Reached ** piety under Qazlal
   561 | D        | Reached XP level 8. HP: 28/81 MP: 7/11
   725 | D        | Noticed a komodo dragon
   725 | D        | Noticed a two-headed ogre
   725 | D        | Noticed a slime creature
   725 | D        | Noticed a centaur warrior
   725 | D        | Noticed a manticore
   730 | D        | Killed a manticore
   731 | D        | Reached skill level 10 in Armour
   731 | D        | Reached skill level 10 in Shields
   745 | D        | Killed a centaur warrior
   746 | D        | Reached XP level 9. HP: 37/90 MP: 12/15
   761 | D        | Reached *** piety under Qazlal
   765 | D        | Killed a two-headed ogre
   769 | D        | Killed a komodo dragon
  1219 | D        | Noticed a komodo dragon
  1219 | D        | Noticed a komodo dragon
  1219 | D        | Noticed a komodo dragon
  1222 | D        | Killed a komodo dragon
  1229 | D        | Noticed a cane toad
  1229 | D        | Killed a komodo dragon
  1229 | D        | Reached **** piety under Qazlal
  1230 | D        | Reached XP level 10. HP: 62/101 MP: 17/19
  1255 | D        | Killed a cane toad
  1255 | D        | Reached ***** piety under Qazlal
  1822 | D        | Noticed a seven-headed hydra
  1835 | D        | Reached skill level 15 in Axes
  1835 | D        | Killed a seven-headed hydra
  1836 | D        | Reached skill level 15 in Invocations
  1836 | D        | Reached XP level 11. HP: 36/110 MP: 4/22
  2247 | D        | Reached ****** piety under Qazlal
  2338 | D        | Noticed Psyche
  2340 | D        | Paralysed by Psyche for 5 turns
  2348 | D        | Killed Psyche
  2736 | D        | Noticed an orc knight
  2736 | D        | Noticed an orc sorcerer
  2738 | D        | Killed an orc sorcerer
  2739 | D        | Killed an orc knight
  2746 | D        | Noticed an orc knight
  2753 | D        | Noticed an ettin
  2758 | D        | Killed an ettin
  2759 | D        | Reached skill level 15 in Fighting
  2763 | D        | Killed an orc knight
  2952 | D        | Noticed an orc high priest
  2952 | D        | Noticed an orc high priest
  2953 | D        | Killed an orc high priest
  2957 | D        | Killed an orc high priest
  3255 | D        | Found Pemewkur's Jewellery Boutique.
  3255 | D        | Noticed an orc sorcerer
  3255 | D        | Noticed an orc high priest
  3255 | D        | Noticed an orc sorcerer
  3256 | D        | Killed an orc sorcerer
  3256 | D        | Killed an orc high priest
  3261 | D        | Killed an orc sorcerer
  3262 | D        | Reached XP level 12. HP: 99/122 MP: 17/25
  3279 | D        | Found Zeasmaos's Magic Scroll Shop.
  3282 | D        | Found Niol Zyn's Weapon Boutique.
  3290 | D        | Noticed an orc high priest
  3300 | D        | Killed an orc high priest
  3301 | D        | Reached skill level 15 in Shields
  3303 | D        | Noticed an orc high priest
  3305 | D        | Found Suixio's Assorted Antiques.
  3307 | D        | Noticed an orc high priest
  3310 | D        | Killed an orc high priest
  3311 | D        | Reached skill level 15 in Armour
  3318 | D        | Killed an orc high priest
  3626 | D        | Upgraded the game from 0.30-a0-626-gd6a5dd7a1f to
                  | 0.30-a0-629-gd54f4be4f7
  3630 | D        | Bought a scroll of enchant armour for 82 gold pieces
  3640 | D        | Bought a runed kite shield for 202 gold pieces
  3696 | D        | Noticed Erolcha
  3711 | D        | Killed Erolcha
  3833 | D        | Noticed Josephine
  3834 | D        | Noticed Sonja
  3847 | D        | Killed Josephine
  3848 | D        | Killed Sonja
  4019 | D        | Got the +5 ring mail of the Evening Star {Drain Str+9}
  4119 | D        | Noticed a tengu warrior
  4119 | D        | Noticed a boulder beetle
  4119 | D        | Noticed a centaur warrior
  4120 | D        | Killed a centaur warrior
  4120 | D        | Killed a tengu warrior
  4120 | D        | Noticed a boulder beetle
  4125 | D        | Noticed a fire giant
  4128 | D        | Noticed a deep troll shaman
  4132 | D        | Noticed a lich
  4132 | D        | Killed a boulder beetle
  4136 | D        | Killed a deep troll shaman
  4138 | D        | Noticed an ice dragon
  4140 | D        | Killed a fire giant
  4140 | D        | Noticed a fire giant
  4141 | D        | Reached XP level 13. HP: 92/133 MP: 13/27
  4149 | D        | Noticed an ettin
  4150 | D        | Killed a lich
  4150 | D        | Killed an ice dragon
  4150 | D        | Killed a fire giant
  4168 | D        | Killed an ettin
  4435 | D        | Noticed Azrael
  4440 | D        | Killed Azrael
  4501 | D        | Noticed Nessos
  4514 | D        | Killed Nessos
  4712 | D        | Noticed an eleionoma
  4712 | D        | Noticed a bunyip
  4712 | D        | Noticed a fenstrider witch
  4712 | D        | Noticed an eleionoma
  4713 | D        | Killed a bunyip
  4713 | D        | Killed an eleionoma
  4714 | D        | Killed a fenstrider witch
  4714 | D        | Noticed an eleionoma
  4720 | D        | Killed an eleionoma
  4729 | D        | Killed an eleionoma
  4937 | D        | Reached XP level 14. HP: 146/146 MP: 21/30
  5318 | D        | Noticed a broodmother
  5323 | D        | Killed a broodmother
  5597 | D        | Noticed Nergalle
  5607 | D        | Killed Nergalle
  5794 | D        | Noticed Eustachio
  5805 | D        | Killed Eustachio
  5864 | D        | Noticed a frost giant
  5864 | D        | Noticed a lich
  5864 | D        | Noticed a stone giant
  5864 | D        | Noticed a purple very ugly thing
  5864 | D        | Noticed a stone giant
  5865 | D        | Noticed a fire giant
  5865 | D        | Killed a lich
  5865 | D        | Killed a fire giant
  5865 | D        | Killed a purple very ugly thing
  5869 | D        | Killed a stone giant
  5872 | D        | Killed a frost giant
  5872 | D        | Killed a stone giant
  5873 | D        | Reached skill level 27 in Invocations
  5895 | D        | Noticed a purple very ugly thing
  5899 | D        | Killed a purple very ugly thing
  6131 | D        | Noticed an ironbound thunderhulk
  6131 | D        | Noticed a vault warden
  6132 | D        | Noticed a green very ugly thing
  6132 | D        | Killed a vault warden
  6132 | D        | Killed an ironbound thunderhulk
  6134 | D        | Reached XP level 15. HP: 160/160 MP: 23/32
  6186 | D        | Noticed an orb of fire
  6198 | D        | Gained mutation: Your body sometimes deteriorates upon
                  | taking damage. [an orb of fire]
  6207 | D        | Killed an orb of fire
  6522 | D        | Noticed Frederick
  6545 | D        | Killed Frederick
  6776 | D        | Noticed an emperor scorpion
  6785 | D        | Killed a ghost moth
  6785 | D        | Noticed an emperor scorpion
  6788 | D        | Killed an emperor scorpion
  6792 | D        | Noticed an emperor scorpion
  6794 | D        | Killed an emperor scorpion
  6795 | D        | Noticed an emperor scorpion
  6796 | D        | Killed an emperor scorpion
  6798 | D        | Killed an emperor scorpion
  6802 | D        | Got a gossamer rune of Zot
  7149 | D        | Noticed Ilsuiw
  7156 | D        | Killed Ilsuiw
  7177 | D        | Reached XP level 16. HP: 160/177 MP: 21/33
  7313 | D        | Noticed a nagaraja
  7313 | D        | Noticed a nagaraja
  7314 | D        | Killed a nagaraja
  7314 | D        | Killed a nagaraja
  7314 | D        | Killed a nagaraja
  7315 | D        | Reached skill level 27 in Axes
  7316 | D        | Noticed a nagaraja
  7320 | D        | Killed a nagaraja
  7324 | D        | Noticed a nagaraja
  7349 | D        | Killed a nagaraja
  7539 | D        | Got a serpentine rune of Zot
  7805 | D        | Got a decaying rune of Zot
  7964 | D        | Got a barnacled rune of Zot
  8147 | D        | Reached skill level 27 in Fighting
  8287 | D        | Reached skill level 27 in Armour
  8287 | D        | Reached skill level 27 in Shields
  8288 | D        | Reached XP level 17. HP: 143/191 MP: 17/34
  8327 | D        | Noticed a royal mummy
  8329 | D        | Reached skill level 5 in Dodging
  8330 | D        | Reached skill level 5 in Maces & Flails
  8330 | D        | Reached skill level 5 in Unarmed Combat
  8339 | D        | Killed a royal mummy
  8346 | D        | HP: 1/182 [shadow dragon/bolt of negative energy (24)]
  8351 | D        | HP: 4/178 [shadow dragon/bolt of negative energy (13)]
  8353 | D        | Killed from afar by a shadow dragon

Illustrated notes

Levels and vault maps discovered:
D:        linesprint [early_d, line_temple, items_1, d_10, items_2, lair_1,
          lair_end, items_3, orc_1, orc_end, items_4, d_15, swamp_1, shoals_1,
          snake_1, spider_1, d_20, vaults_1, items_5, swamp_end, shoals_end,
          snake_end, spider_end, vaults_end, d_27, items_6, zot_1, zot_end,
          crypt_end, forest_end, elf_end, slime_end, tomb_end, abyss_end,
          pan_hell_end]

Skill      XL: |  1  2  3  4  5  6  7  8  9 10 11 12 13 14 15 16 17 |
---------------+----------------------------------------------------+-----
Axes           | 3 5 6 10 11 12 13 15 17 18 20 23 26 27 | 27.0
Fighting       | 4 5 6 9 10 11 13 14 15 17 19 21 24 27 | 27.0
Armour         | 5 6 8 9 10 11 13 14 16 18 20 22 27 | 27.0
Shields        | 5 6 8 9 10 11 13 14 16 18 20 22 27 | 27.0
Invocations    | 4 9 12 15 18 21 25 27 | 27.0
Maces & Flails | 3 6 |  6.7
Dodging        | 3 7 |  7.3
Unarmed Combat | 3 6 |  6.7

Action                   |  1- 3 |  4- 6 |  7- 9 | 10-12 | 13-15 | 16-18 || total
-------------------------+-------+-------+-------+-------+-------+-------++-------
Melee: War axe           |    19 |    19 |    54 |   146 |       |       ||   238
       Broad axe         |       |       |       |    14 |   171 |   210 ||   395
Invok: Disaster Area     |       |       |       |    15 |    22 |    11 ||    48
       Upheaval          |       |       |       |     2 |     9 |     3 ||    14
Evoke: Wand              |       |     2 |     2 |     4 |       |     4 ||    12
  Use: Potion            |     1 |       |     4 |     5 |     2 |     6 ||    18
       Scroll            |       |       |     2 |     3 |     4 |     1 ||    10
Armor: Scale mail        |     7 |     5 |       |       |       |       ||    12
       Ring mail         |       |     1 |    15 |       |       |       ||    16
       Plate armour      |       |       |       |    26 |    51 |    37 ||   114
Dodge: Dodged            |     8 |     9 |    29 |    22 |    17 |    13 ||    98
       Repelled          |       |       |       |     1 |     5 |     2 ||     8
Block: Buckler           |     3 |     4 |    19 |    44 |       |       ||    70
       Kite shield       |       |       |       |    17 |   130 |   147 ||   294

Table legend: (Time is in decaauts)
 A = Elapsed time spent in this place.
 B = Non-inter-level travel time spent in this place.
 C = Inter-level travel time spent in this place.
 D = Time resting spent in this place.
 E = Time spent auto-exploring this place.
 F = Levels seen in this place.
 G = Mean time per level.
                   A        B        C        D        E       F      G
               +--------+--------+--------+--------+--------+-----+--------+
         Total |   8226 |   8146 |     80 |   5869 |      0 |   1 | 8226.0 |
       Dungeon |   8226 |   8146 |     80 |   5869 |      0 |   1 | 8226.0 |
               +--------+--------+--------+--------+--------+-----+--------+

Top non-repeatable levels by time:
       D: 8226 daAuts
